 Dungeon Crawl Stone Soup version 0.29.1-15-g9cfb28693d (webtiles) character file.

Game seed: 13469687571476771911

152 Sanktem7 the Trooper (level 5, -1/47 HPs)
             Began as a Minotaur Fighter on Mar 15, 2023.
             Killed from afar by an orc wizard (8 damage)
             ... with a magic dart
             ... on level 3 of the Dungeon.
             The game lasted 00:04:17 (2296 turns).

Sanktem7 the Trooper (Minotaur Fighter)             Turns: 2296, Time: 00:04:18

Health: -1/47      AC:  7    Str: 23    XL:     5   Next: 11%
Magic:  4/4        EV:  9    Int:  5    God:
Gold:   64         SH:  4    Dex:  9    Spells: 4/4 levels left

rFire   . . .      SeeInvis .   a - +0 war axe {axe}
rCold   . . .      Faith    .   c - +0 buckler
rNeg    . . .      Spirit   .   b - +0 scale mail
rPois   .          Reflect  .   (helmet restricted)
rElec   .          Harm     .   (no cloak)
rCorr   .          Rampage  .   (no gloves)
Will    .....                   (no boots)
Stlth   ..........              (no amulet)
HPRegen 0.15/turn               (no ring)
MPRegen 0.09/turn               (no ring)

@: no status effects
A: horns 2, retaliatory headbutt
a: no special abilities


You were on level 3 of the Dungeon.
You visited 1 branch of the dungeon, and saw 3 of its levels.

You collected 84 gold pieces.
You spent 20 gold pieces at shops.


Innate Abilities, Weirdness & Mutations

You have a pair of horns on your head.
You reflexively headbutt those who attack you in melee.


   Skills:
 + Level 4.5 Fighting
 * Level 4.4 Axes
 + Level 4.5 Armour
 + Level 4.5 Shields


You had 4 spell levels left.
You didn't know any spells.
Your spell library contained the following spells:

 Spells                   Type           Power      Damage    Failure   Level
 Summon Ice Beast         Ice/Summ       0%         N/A       100%        4
 Summon Mana Viper        Hex/Summ       0%         N/A       100%        5
 Monstrous Menagerie      Summ           0%         N/A       100%        7

Inventory:

Hand Weapons
 a - a +0 war axe (weapon) {axe}
 e - a +1 dagger of venom {short}
   (You took it off a goblin on level 1 of the Dungeon)
 l - a +1 dagger of venom {short}
   (You took it off a kobold on level 2 of the Dungeon)
Missiles
 f - 19 stones (quivered) {throwing}
Armour
 b - a +0 scale mail (worn)
 c - a +0 buckler (worn)
Magical Staves
 i - a staff of poison {!astaff}
   (You found it on level 1 of the Dungeon)
Scrolls
 g - 5 scrolls of identify {@r1}
 j - 2 scrolls of immolation {unknown}
 k - a scroll of silence {unknown}
 o - a scroll of magic mapping {unknown}
 q - a scroll of noise {unknown}
 r - a scroll of poison {unknown}
Potions
 d - 2 potions of might
 h - a potion of resistance {unknown}
 m - a potion of attraction {unknown}
 n - a potion of brilliance {unknown}
 p - 2 potions of ambrosia {unknown}

Dungeon Overview and Level Annotations

Branches:
Dungeon (3/15) Zot: 15671

Altars:

Shops:
D:1 ! D:2

**( ####.≈~
≈≈≈≈.#... . ..~≈≈~
~≈≈~~~... ...~~≈≈~
~≈~≈≈~~..
#.~~#≈≈#~w≈≈≈≈~..
##≈≈#~~≈≈#~≈≈≈≈≈~.
#≈≈≈~.~≈≈~~≈~~~~~~
#~~≈.~w#..♣~.(.≈~~
#~..wo)@..(.$#
#~≈~!.#~...#~.≈~≈~
#≈#≈~≈≈≈)~≈≈~≈~≈~~
#~~≈~≈~~≈≈≈≈≈≈~~#
...~~#≈≈~≈≈≈≈≈≈~.#
...~≈≈≈≈~~≈≈≈≈≈#..
.#.#≈≈≈≈#~~≈w~≈...
#.##w≈w≈#~~~....
.##~~ ~~##.#.


You could see an orc wizard and 6 dart slugs.


Message History

You are too injured to fight recklessly!
You are too injured to fight recklessly!
You are too injured to fight recklessly! 😮 HP[-2]
You take 2 damage, and now have 34/47 hp.
You are too injured to fight recklessly!
You are too injured to fight recklessly!
You are too injured to fight recklessly!
You are too injured to fight recklessly!
You are too injured to fight recklessly!
You are too injured to fight recklessly!
You are too injured to fight recklessly!
Unknown command.
You hit the dart slug. The dart slug launches a dart at you.
The slug dart hits you but does no damage.
The dart slug launches a dart at you. The slug dart hits you.
The dart slug launches a dart at you. You block the slug dart.
The dart slug briefly extends its eye-stalks. 😮 HP[-5]
You take 5 damage, and now have 29/47 hp.
You hit the dart slug but do no damage.
You hit the orc wizard but do no damage.
The orc wizard hits you but does no damage.
The dart slug launches a dart at you.
The slug dart hits you but does no damage.
The dart slug launches a dart at you. The slug dart misses you.
The dart slug launches a dart at you.
The slug dart hits you but does no damage.
You hit the dart slug. You closely miss the orc wizard.
The orc wizard splashes around in the water.
The dart slug bites you but does no damage.
The dart slug launches a dart at you. The slug dart misses you.
The orc wizard hits you but does no damage.
The orc hits you with a +0 hand axe. 😮 HP[-3]
You take 3 damage, and now have 26/47 hp.
You hit the orc but do no damage. You barely miss the orc wizard.
You hit the dart slug but do no damage. You block the orc wizard's attack.
The dart slug briefly extends its eye-stalks.
The dart slug bites you. The dart slug launches a dart at you.
The slug dart hits you but does no damage.
The orc barely misses you. 😮 HP[-1]
You take 1 damage, and now have 25/47 hp.
You barely miss the orc. Your headbutt misses the orc.
You hit the orc wizard but do no damage.
You hit the dart slug but do no damage. The orc wizard closely misses you.
The orc misses you. The dart slug closely misses you. You furiously retaliate!
You headbutt the dart slug.
You kill the dart slug!
The dart slug launches a dart at you. The slug dart hits you.
* * * LOW HITPOINT WARNING * * *
😨 HP[-3]
You take 3 damage, and now have 22/47 hp.
You hit the orc.
You kill the orc!
You barely miss the orc wizard. You hit the orc.
The orc wizard barely misses you. The orc hits you with a +0 flail.
* * * LOW HITPOINT WARNING * * *
The dart slug briefly extends its eye-stalks.
The dart slug launches a dart at you.
The slug dart hits you but does no damage.
The orc wizard splashes around in the water.
The dart slug launches a dart at you.
The slug dart hits you but does no damage.
You hit the dart slug but do no damage. You hit the orc wizard.
You closely miss the orc. The orc completely misses you.
You block the dart slug's attack.
The orc wizard hits you with a +0 dagger.
* * * LOW HITPOINT WARNING * * *
The orc closely misses you. 😨 HP[-8]
You take 8 damage, and now have 14/47 hp.
You slash the dart slug!
You kill the dart slug!
You hit the orc wizard. You closely miss the orc.
The orc wizard splashes around in the water.
The orc barely misses you. You furiously retaliate!
You headbutt the orc!
You kill the orc!
The orc wizard points at you and mumbles some strange words.
The puff of flame hits you!
* * * LOW HITPOINT WARNING * * *
😱 HP[-8]
You take 8 damage, and now have 6/47 hp.
The dart slug launches a dart at you. The slug dart misses you.
Things that are here:
a +0 hand axe {axe}; a scroll labelled EKKYDO OHOUNIA; an orc corpse The dart slug launches a dart at you.
The slug dart hits you but does no damage.
The orc wizard gestures at you while chanting.
The magic dart hits you!
You die...

Skill      XL: |  1  2  3 |
---------------+----------+-----
Axes           | 3 4 |  4.4
Fighting       | 4 |  4.5
Armour         | 4 |  4.5
Shields        | 4 |  4.5

Action                   |  1- 3 |  4- 6 || total
-------------------------+-------+-------++-------
Melee: War axe           |    70 |    10 ||    80
       Headbutt          |     7 |     1 ||     8
  Use: Potion            |     1 |       ||     1
Armor: Scale mail        |    34 |    13 ||    47
Dodge: Dodged            |    40 |    15 ||    55
Block: Buckler           |    17 |     5 ||    22

Levels and vault maps discovered:
D:1:      co_arrival_random_square_maze, layout_basic, serial_shops,
          nicolae_shop_advertising_works [nicolae_subvault_shop_adworks],
          shapermc_ecumenical_altar_mp_vishouse
D:2:      layout_rooms, serial_shops, nicolae_shop_crystal, nicolae_shop_trees,
          nicolae_shop_statue_plus
D:3:      kennysheep_slugbush, layout_loops_ring, minivault_27

Notes
Turn   | Place    | Note
-------+----------+-------------------------------------------
     0 | D:1      | Sanktem7 the Minotaur Fighter began the quest for the Orb.
     0 | D:1      | Reached XP level 1. HP: 19/19 MP: 0/0
     0 | D:1      | magus.rc [v1.9.6]
   277 | D:1      | Found Jyitem's Distillery.
   340 | D:1      | Reached XP level 2. HP: 27/27 MP: 1/1
   427 | D:1      | Reached skill level 3 in Axes
   498 | D:1      | You pick up a book of Beasts and begin reading...
   498 | D:1      | You add the spells Summon Ice Beast, Summon Mana Viper and
                  | Monstrous Menagerie to your library.
   775 | D:1      | Found a faded altar of an unknown god.
  1030 | D:2      | HP: 6/27 [frozen (2)]
  1032 | D:2      | Reached skill level 4 in Fighting
  1032 | D:2      | Reached skill level 4 in Armour
  1032 | D:2      | Reached skill level 4 in Shields
  1032 | D:2      | Reached XP level 3. HP: 5/33 MP: 2/2
  1308 | D:2      | HP: 8/33 [poisoned by a kobold]
  1756 | D:2      | Found Loloeroz's General Store.
  1766 | D:2      | Bought a scroll of identify for 20 gold pieces
  1772 | D:2      | Found Jedoman's General Store.
  1783 | D:2      | Found Biupy's Weapon Shop.
  1991 | D:3      | Noticed an ogre
  1997 | D:3      | HP: 6/33 [ogre/+0 giant club (15)]
  2002 | D:2      | Killed an ogre
  2003 | D:2      | Reached skill level 4 in Axes
  2003 | D:2      | Reached XP level 4. HP: 4/41 MP: 3/3
  2003 | D:2      | Reached XP level 5. HP: 5/47 MP: 4/4
  2294 | D:3      | HP: 6/47 [orc wizard/puff of flame (8)]
  2296 | D:3      | Killed from afar by an orc wizard

Vanquished Creatures
  An ogre (D:2)
  2 adders (D:2)
  A worm (D:2)
  2 dart slugs (D:3)
  3 orcs (D:3)
  2 ball pythons
  5 bats
  6 endoplasms
  2 giant cockroaches
  4 goblins
  2 hobgoblins
  3 kobolds
  2 quokkas (D:1)
  4 frilled lizards
  4 rats
43 creatures vanquished.

Table legend:
 A = Non-vault XP
 B = Vault XP
 C = Vault XP percentage of total XP
 D = Non-vault monster count
 E = Vault monster count
 F = Vault count percentage of total count
                 A         B        C        D         E       F
            +---------+---------+-------+---------+---------+-------
      Total |     211 |       7 |   3.2 |      41 |       2 |   4.7
            +---------+---------+-------+---------+---------+-------
        D:1 |      27 |       0 |   0.0 |      16 |       0 |   0.0
        D:2 |     170 |       0 |   0.0 |      19 |       0 |   0.0
        D:3 |      14 |       7 |  33.3 |       6 |       2 |  25.0
            +---------+---------+-------+---------+---------+-------

Illustrated notes

Table legend:
 A = Kills in this place as a percentage of kills in entire the game.
 B = Kills by you in this place as a percentage of kills by you in the entire game.
 C = Kills by friends in this place as a percentage of kills by friends in the entire game.
 D = Other kills in this place as a percentage of other kills in the entire game.
 E = Experience gained in this place as a percentage of experience gained in the entire game.
 F = Experience gained in this place divided by the number of levels of this place that you have seen.
                   A       B       C       D       E      F
               +-------+-------+-------+-------+-------+----------------------
         Total | 100.0 | 100.0 |   N/A |   N/A | 100.0 |  72.7
       Dungeon | 100.0 | 100.0 |   N/A |   N/A | 100.0 |  72.7
               +-------+-------+-------+-------+-------+----------------------

Table legend: (Time is in decaauts)
 A = Elapsed time spent in this place.
 B = Non-inter-level travel time spent in this place.
 C = Inter-level travel time spent in this place.
 D = Time resting spent in this place.
 E = Time spent auto-exploring this place.
 F = Levels seen in this place.
 G = Mean time per level.
                   A        B        C        D        E       F      G
               +--------+--------+--------+--------+--------+-----+--------+
         Total |   2327 |   2272 |     55 |    651 |   1344 |   3 |  775.7 |
       Dungeon |   2327 |   2272 |     55 |    651 |   1344 |   3 |  775.7 |
               +--------+--------+--------+--------+--------+-----+--------+

Top non-repeatable levels by time:
     D:1: 1185 daAuts
     D:2: 1115 daAuts
     D:3: 26 daAuts
